 Dungeon Crawl Stone Soup version 0.30.0-18-gc0e69614cb (webtiles) character file.

Game seed: 13196376117392724135

4 ChrisAssaf the Stinger (level 1, -1/13 HPs)
             Began as a Gnoll Venom Mage on May 26, 2023.
             Slain by a quokka (4 damage)
             ... on level 1 of the Dungeon.
             The game lasted 00:01:07 (365 turns).

ChrisAssaf the Stinger (Gnoll Venom Mage)            Turns: 365, Time: 00:01:08

Health: -1/13      AC:  2    Str:  7    XL:     1   Next: 60%
Magic:  4/6        EV: 13    Int: 14    God:
Gold:   54         SH:  0    Dex: 12    Spells: 8/9 levels left

rFire   . . .        d - +0 short sword
rCold   . . .        (no shield)
rNeg    . . .        a - +0 robe
rPois   .            (no helmet)
rElec   .            (no cloak)
rCorr   .            (no gloves)
SInv    .            (no boots)
Will    .....        (no amulet)
Stlth   ++           (no ring)
HPRegen 0.22/turn    (no ring)
MPRegen 0.10/turn

%: no passive effects
@: no status effects
A: fangs 1, strong nose, distributed training
a: no special abilities


You were on level 1 of the Dungeon.
You visited 1 branch of the dungeon, and saw 1 of its levels.

You collected 54 gold pieces.

Inventory:

Hand Weapons
 d - a +0 short sword (weapon)
Armour
 a - a +0 robe (worn)
 f - a +0 tower shield
Potions
 b - a potion of magic
 c - a potion of berserk rage {unknown}
 e - 2 potions of curing {unknown}
 g - a potion of attraction {unknown}


   Skills:
 + Level 0.1 Fighting
 + Level 0.1 Short Blades
 + Level 0.1 Long Blades
 + Level 0.1 Axes
 + Level 0.1 Maces & Flails
 + Level 0.1 Polearms
 + Level 0.1 Staves
 + Level 0.1 Ranged Weapons
 + Level 0.1 Throwing
 + Level 0.1 Armour
 + Level 4.4 Dodging
 + Level 4.0 Stealth
 + Level 0.1 Shields
 + Level 0.1 Unarmed Combat
 + Level 4.9 Spellcasting
 + Level 0.1 Conjurations
 + Level 0.1 Hexes
 + Level 0.1 Summonings
 + Level 0.1 Necromancy
 + Level 0.1 Translocations
 + Level 2.0 Transmutations
 + Level 0.1 Fire Magic
 + Level 0.1 Ice Magic
 + Level 0.1 Air Magic
 + Level 0.1 Earth Magic
 + Level 5.3 Poison Magic
 + Level 0.2 Invocations
 + Level 0.1 Evocations


You had 8 spell levels left.
You knew the following spells:

 Your Spells              Type           Power      Damage    Failure   Level
a - Sting                 Tmut/Pois      52%        1d5       4%          1

Your spell library contained the following spells:

 Spells                   Type           Power      Damage    Failure   Level
 Poisonous Vapours        Pois/Air       22%        N/A       9%          2
 Olgreb's Toxic Radiance  Pois           18%        N/A       21%         4
 Mephitic Cloud           Conj/Pois/Air  8%         N/A       24%         3


Dungeon Overview and Level Annotations

Branches:
Dungeon (1/15)

Altars:


Innate Abilities, Weirdness & Mutations

You have very sharp teeth.
Your uncanny sense of smell can sniff out nearby items.
Your experience applies equally to all skills.


Message History

f - a +0 tower shield You start putting on your armour.
You continue putting on your +0 tower shield. x4
You finish putting on your +0 tower shield.
Casting: Sting (safe; 99% risk of failure)
Confirm with . or Enter, or press ? or * to list all spells.
Okay, then.
You are now empty-handed.
d - a +0 short sword (weapon)
You start removing your armour.
You continue taking off your +0 tower shield. x4
You finish taking off your +0 tower shield.
You now have 46 gold pieces (gained 3).
g - a glowing black potion
Found a ring mail.
A quokka comes into view.
Found a book of Lightning.
You see here 8 gold pieces.
You now have 54 gold pieces (gained 8).
An endoplasm comes into view.
The quokka barely misses you. The quokka closely misses you.
Aiming: Sting (safe; 4% risk of failure)
Press: ? - help, Q - select action Shift-Dir - straight line, f - quokka
Aim: a quokka (60% to hit)
The sting misses the quokka.
The quokka closely misses you.
Aiming: Sting (safe; 4% risk of failure)
Press: ? - help, Q - select action Shift-Dir - straight line, f/p - quokka
Aim: a quokka (60% to hit)
The sting hits the quokka but does no damage.
The quokka is poisoned.
The quokka bites you.
You miss the quokka. The quokka bites you.
You miss the quokka.
The endoplasm quivers.
The quokka twitches its whiskers.
The quokka bites you.
* * * LOW HITPOINT WARNING * * *
The quokka bites you.
You die...

....#.#
#.................
.##...#
####..#.#.#.#.#.#∆
####...
#...........
..###.# #
##..#.#.#.#.
....#.#
##.##..........
....#
........#.#.#.#
....#
###.........[..
....#
...J.....#.#.#.
#.####
#######@r......
......
#.........:####
......
#.#######..#
...... #.# ......
.# ...... .#
...... ......
......∆


You could see an endoplasm and a quokka (poisoned).

Vanquished Creatures
  A bat (D:1)
  A giant cockroach (D:1)
  A kobold (D:1)
  A rat (D:1)
4 creatures vanquished.

Notes
Turn   | Place    | Note
-------+----------+-------------------------------------------
     0 | D:1      | ChrisAssaf the Gnoll Venom Mage began the quest for the
                  | Orb.
     0 | D:1      | Reached XP level 1. HP: 13/13 MP: 6/6
   365 | D:1      | Slain by a quokka

Illustrated notes

Levels and vault maps discovered:
D:1:      elethiomel_arrival_quiet, layout_basic, hex_medium,
          minmay_stone_trees_medium

Skill      XL: |  1 |
---------------+----+-----
Transmutations | 2 |  2.0
Fighting       | |  0.1
Short Blades   | |  0.1
Long Blades    | |  0.1
Axes           | |  0.1
Maces & Flails | |  0.1
Polearms       | |  0.1
Staves         | |  0.1
Ranged Weapons | |  0.1
Throwing       | |  0.1
Armour         | |  0.1
Dodging        | |  4.4
Stealth        | |  4.0
Shields        | |  0.1
Unarmed Combat | |  0.1
Spellcasting   | |  4.9
Conjurations   | |  0.1
Hexes          | |  0.1
Summonings     | |  0.1
Necromancy     | |  0.1
Translocations | |  0.1
Fire Magic     | |  0.1
Ice Magic      | |  0.1
Air Magic      | |  0.1
Earth Magic    | |  0.1
Poison Magic   | |  5.3
Invocations    | |  0.2
Evocations     | |  0.1

Action                     || total
---------------------------++-------
  Melee: Short sword       ||     3
   Cast: Sting             ||     6
   Stab: Sleeping          ||     1
 Armour: Robe              ||     7
  Dodge: Dodged            ||     6
